 Dungeon Crawl Stone Soup version 0.23-a0-171-g5ae17c6e89 (webtiles) character file.

77 Holzbalken the Cudgeler (level 4, -2/33 HPs)
             Began as a Demonspawn Gladiator on Sept 14, 2018.
             Slain by a gnoll shaman
             ... wielding a +0 whip
              (8 damage)
             ... on level 2 of the Dungeon.
             The game lasted 00:04:36 (1451 turns).

Holzbalken the Cudgeler (Demonspawn Gladiator)      Turns: 1451, Time: 00:04:37

Health: -2/33      AC:  5    Str: 15    XL:     4   Next: 14%
Magic:  4/4        EV: 12    Int:  9    God:
Gold:   64         SH:  4    Dex: 15    Spells: 3/3 levels left

rFire    . . .     SeeInvis .   a - +0 flail
rCold    . . .     Gourm    .   (no shield)
rNeg     . . .     Faith    .   b - +0 leather armour
rPois    .         Spirit   .   c - +0 helmet
rElec    .         Reflect  .   d - +0 cloak {+Inv}
rCorr    .         Harm     .   (no gloves)
MR       .....                  (no boots)
Stlth    +.........             (no amulet)
HPRegen  0.11/turn              (no ring)
MPRegen  0.09/turn              (no ring)

@: no status effects
A: hooves 1, large bone plates 1
a: Evoke Invisibility


You were on level 2 of the Dungeon.
You were hungry.

You visited 1 branch of the dungeon, and saw 2 of its levels.

You collected 64 gold pieces.

Inventory:

Hand Weapons
 a - a +0 flail (weapon)
Missiles
 e - a throwing net (quivered)
Armour
 b - a +0 leather armour (worn)
 c - a +0 helmet (worn)
 d - a +0 cloak of invisibility (worn)
Scrolls
 g - a scroll of amnesia {unknown}
 m - a scroll of teleportation {unknown}
Potions
 h - a potion of magic {unknown}
 i - a potion of lignification {unknown}
 j - a potion of brilliance {unknown}
 k - a potion of degeneration {unknown}
 l - a potion of berserk rage {unknown}
 n - a potion of heal wounds {unknown}
Comestibles
 f - 3 rations


   Skills:
 - Level 2.0 Fighting
 + Level 4.6 Maces & Flails
 - Level 1.7 Throwing
 - Level 2.6 Dodging


You had 3 spell levels left.
You didn't know any spells.
Your spell library was empty.

Dungeon Overview and Level Annotations

Branches:
Dungeon (2/15)

Altars:


Innate Abilities, Weirdness & Mutations

You have large cloven feet.
You are partially covered in large bone plates. (SH +4)


Message History

You hit the gnoll. Your kick misses the gnoll.
The gnoll is heavily wounded.
The gnoll hits you from afar with a spear.
You hit the gnoll shaman.
The gnoll shaman is moderately wounded.
The gnoll hits you but does no damage. The gnoll barely misses you.
You barely miss the gnoll shaman. Your kick misses the gnoll shaman.
The gnoll shaman is moderately wounded.
You block the gnoll shaman's attack.
The gnoll hits you but does no damage. x2
The gnoll shaman hits you with a whip!
You barely miss the gnoll shaman. Your kick misses the gnoll shaman.
The gnoll shaman is moderately wounded.
The gnoll barely misses you. The gnoll hits you but does no damage.
The gnoll shaman closely misses you. The gnoll barely misses you.
You barely miss the gnoll shaman. Your kick misses the gnoll shaman.
The gnoll shaman is moderately wounded.
The gnoll hits you with a club!
* * * LOW HITPOINT WARNING * * *
The gnoll shaman hits you with a whip!
You die...

...# [..# ....# #
##....## ### ##.......
.. #########......# #.
#.gg@[....#....#####.
#...gg####.##..........
#...g. #.............
#..... #.............
#....< ##............
#..... ##..####.....
#..... #....# #.....
#..... ♣....♣ #.....
♣♣...♣ ##.##.


You could see a gnoll shaman and 4 gnolls.

Vanquished Creatures
  Crazy Yiuf (D:2)
  2 adders (D:2)
  A dart slug (D:1)
  A leopard gecko (D:2)
  A bat (D:1)
  3 giant cockroaches
  5 goblins (D:1)
  4 hobgoblins
  A jackal (D:1)
  3 kobolds (D:1)
  A frilled lizard (D:1)
  2 rats (D:1)
25 creatures vanquished.

Notes
Turn   | Place    | Note
-------+----------+-------------------------------------------
     0 | D:1      | Holzbalken the Demonspawn Gladiator began the quest for the
                  | Orb.
     0 | D:1      | Reached XP level 1. HP: 16/16 MP: 1/1
   349 | D:1      | Reached skill level 3 in Maces & Flails
   410 | D:1      | Gained mutation: You have large cloven feet. [demonic
                  | ancestry]
   410 | D:1      | Reached XP level 2. HP: 21/22 MP: 2/2
  1164 | D:2      | Gained mutation: You are partially covered in large bone
                  | plates. (SH +4) [demonic ancestry]
  1164 | D:2      | Reached XP level 3. HP: 16/27 MP: 3/3
  1362 | D:2      | Reached skill level 4 in Maces & Flails
  1411 | D:2      | Found a runed door.
  1415 | D:2      | Noticed Crazy Yiuf
  1421 | D:2      | Killed Crazy Yiuf
  1421 | D:2      | Reached XP level 4. HP: 20/33 MP: 4/4
  1451 | D:2      | Slain by a gnoll shaman

Vault maps used:
D:1:      lightli_arrival_boilingwater, minmay_heptomino_l4
D:2:      nicolae_overflow_crystal_walls, old_standard_altar,
          lemuel_doored_altar, nicolae_gozag_zags_fifth_avenue, first_ration,
          uniq_crazy_yiuf_cottage

Skill      XL: |  1  2  3 |
---------------+----------+-----
Maces & Flails | 3 4 |  4.6
Fighting       | |  2.0
Throwing       | |  1.7
Dodging        | |  2.6

Action                   |  1- 3 |  4- 6 || total
-------------------------+-------+-------++-------
Melee: Flail             |    76 |     5 ||    81
       Kick              |    14 |       ||    14
Throw: Throwing net      |     5 |       ||     5
  Eat: Chunk             |     1 |       ||     1
Armor: Leather armour    |    17 |     3 ||    20
Dodge: Dodged            |    45 |     6 ||    51
Block: Other             |     4 |     1 ||     5

Table legend:
 A = Non-vault XP
 B = Vault XP
 C = Vault XP percentage of total XP
 D = Non-vault monster count
 E = Vault monster count
 F = Vault count percentage of total count
                 A         B        C        D         E       F
            +---------+---------+-------+---------+---------+-------
      Total |      65 |      46 |  41.4 |      22 |       3 |  12.0
            +---------+---------+-------+---------+---------+-------
        D:1 |      29 |       6 |  17.1 |      16 |       2 |  11.1
        D:2 |      36 |      40 |  52.6 |       6 |       1 |  14.3
            +---------+---------+-------+---------+---------+-------
